 Dungeon Crawl Stone Soup version 0.29.1-4-g47bece8355 (webtiles) character file.

Game seed: 1272966222605299285

298 safid the Shooter (level 6, -1/57 HPs)
             Began as a Minotaur Hunter on Dec 6, 2022.
             Slain by an orc
             ... wielding a +1 short sword of electrocution
              (16 damage)
             ... on level 5 of the Dungeon.
             The game lasted 00:05:38 (2524 turns).

safid the Shooter (Minotaur Hunter)                 Turns: 2524, Time: 00:05:39

Health: -1/57      AC:  4    Str: 16    XL:     6   Next: 13%
Magic:  5/5        EV: 12    Int:  6    God:
Gold:   47         SH:  0    Dex: 15    Spells: 5/5 levels left

rFire   . . .      SeeInvis .   j - +2 sling (vorpal)
rCold   . . .      Faith    .   (no shield)
rNeg    . . .      Spirit   .   c - +0 leather armour
rPois   .          Reflect  .   (helmet restricted)
rElec   .          Harm     .   (no cloak)
rCorr   .          Rampage  .   (no gloves)
Will    .....                   r - +0 pair of boots
Stlth   +.........              (no amulet)
HPRegen 0.19/turn               (no ring)
MPRegen 0.09/turn               (no ring)

@: no status effects
A: horns 2, retaliatory headbutt
a: no special abilities


You were on level 5 of the Dungeon.
You visited 1 branch of the dungeon, and saw 5 of its levels.

You collected 227 gold pieces.
You spent 180 gold pieces at shops.

Inventory:

Hand Weapons
 a - a +0 shortbow
 j - a +2 vorpal sling (weapon)
Missiles
 t - a throwing net
Armour
 c - a +0 leather armour (worn)
 r - a +0 pair of boots (worn)
Jewellery
 f - a ring of fire
 w - a ring of ice
Wands
 l - a wand of flame (9)
 m - a wand of polymorph (5)
Scrolls
 b - a scroll of immolation
 g - a scroll of summoning {unknown}
 i - 2 scrolls of enchant weapon {unknown}
 k - a scroll of silence {unknown}
 n - a scroll of teleportation {unknown}
 o - a scroll of identify {unknown}
 q - a scroll of fear {unknown}
 y - a scroll of blinking {unknown}
Potions
 d - 2 potions of might {unknown}
 e - a potion of magic {unknown}
 h - a potion of brilliance {unknown}
 p - a potion of heal wounds
 s - a potion of haste
 u - a potion of degeneration {unknown}
 v - a potion of flight {unknown}
 x - 2 potions of mutation {unknown}


   Skills:
 + Level 5.7 Fighting
 + Level 6.5 Ranged Weapons
 - Level 2.1 Dodging
 - Level 0.7 Stealth


You had 5 spell levels left.
You didn't know any spells.
Your spell library contained the following spells:

 Spells                   Type           Power      Damage    Failure   Level
 Necrotise                Necr           0%         1d4       52%         1
 Vampiric Draining        Necr           0%         2d6       88%         3
 Agony                    Necr           0%         N/A       100%        5


Dungeon Overview and Level Annotations

Branches:
Dungeon (5/15)
 Temple: D:4-7

Altars:
The Shining One

Shops:
D:1 :   D:3 !


Innate Abilities, Weirdness & Mutations

You have a pair of horns on your head.
You reflexively headbutt those who attack you in melee.


Message History

The gnoll picks up the pace!
The gnoll hits you with a +0 flail!
You hear an angry growl.
You shoot a sling bullet. The sling bullet hits the gnoll bouda!
You kill the gnoll bouda!
The orc misses you. You furiously retaliate!
You headbutt the orc. The gnoll hits you with a +0 flail.
The orc barely misses you.
Unknown command.
You are too injured to fight recklessly!
You are too injured to fight recklessly!
You are too injured to fight recklessly!
You are too injured to fight recklessly!
Unknown command.
Fire: j) +2 sling (vorpal)
Press: ? - help, Q - select action, (/) - cycle Shift-Dir - straight line, f - gnoll
Aim: a gnoll, wielding a +0 flail (covering ground quickly, 68% to hit)
You shoot a sling bullet. The sling bullet hits the gnoll!
The gnoll is severely wounded.
The gnoll closely misses you.
The orc hits you with a +1 short sword of electrocution.
Fire: j) +2 sling (vorpal)
Press: ? - help, Q - select action, (/) - cycle Shift-Dir - straight line, f/p - gnoll
Aim: a gnoll, wielding a +0 flail (severely wounded, covering ground quickly, 68% to hit)
You shoot a sling bullet.
The sling bullet hits the gnoll but does no damage.
The gnoll is severely wounded.
The gnoll hits you with a +0 flail!
* * * LOW HITPOINT WARNING * * *
The orc hits you but does no damage.
Unknown command.
Fire: j) +2 sling (vorpal)
Press: ? - help, Q - select action, (/) - cycle Shift-Dir - straight line, f/p - gnoll
Aim: a gnoll, wielding a +0 flail (severely wounded, covering ground quickly, 68% to hit)
You shoot a sling bullet. The sling bullet hits the gnoll.
You kill the gnoll!
You hear an angry growl.
The orc hits you with a +1 short sword of electrocution.
* * * LOW HITPOINT WARNING * * *
You are electrocuted!
You die...

#..## ###..# #....
#.?#####....## #....#
##.....##.....##.#....
#..........#.....#....
.......o.g...#.........
.....)......##[...####
...g..g.....##...####
............##o))...#
og...........#)@)#.....
...............#.#.....
...........#...#.##....
......................
.#......#............
#....###.####......
#.... #.. ....## .#. ..
....<. ..# .....


You could see an orc.

Vanquished Creatures
  A howler monkey (D:4)
  A hound (D:4)
  A gnoll bouda (D:5)
  2 orc wizards
  3 adders
  6 gnolls
  An ufetubus (D:4)
  A worm (D:2)
  2 dart slugs
  4 orcs (D:4)
  4 bats (D:3)
  8 endoplasms
  3 giant cockroaches
  5 goblins
  7 hobgoblins
  6 kobolds
  A quokka (D:3)
  4 ball pythons
  8 frilled lizards
  3 rats
71 creatures vanquished.

Notes
Turn   | Place    | Note
-------+----------+-------------------------------------------
     0 | D:1      | safid the Minotaur Hunter began the quest for the Orb.
     0 | D:1      | Reached XP level 1. HP: 18/18 MP: 0/0
    69 | D:1      | Found Jailee's Book Emporium.
   139 | D:1      | You fall into a shaft and drop 1 floor!
   158 | D:2      | Reached XP level 2. HP: 25/25 MP: 1/1
   270 | D:2      | Reached XP level 3. HP: 31/31 MP: 2/2
   286 | D:2      | Reached skill level 5 in Ranged Weapons
   741 | D:3      | Identified the +1 plate armour of Polish {-Cast Harm rF+++
                  | Dex+4}
   822 | D:3      | Found a faded altar of an unknown god.
  1041 | D:3      | Found Rafus's Distillery.
  1048 | D:3      | Bought a potion of heal wounds for 60 gold pieces
  1340 | D:3      | Found a glowing golden altar of the Shining One.
  1466 | D:3      | Bought a potion of haste for 120 gold pieces
  1499 | D:4      | Reached XP level 4. HP: 40/40 MP: 3/3
  1571 | D:4      | Reached XP level 5. HP: 4/47 MP: 4/4
  1904 | D:4      | Identified the +1 helmet "Tagochyogo" {rElec Will+ Regen+}
  2053 | D:4      | Reached skill level 5 in Fighting
  2053 | D:4      | Reached skill level 6 in Ranged Weapons
  2479 | D:5      | Entered Level 5 of the Dungeon
  2520 | D:5      | Reached XP level 6. HP: 52/56 MP: 5/5
  2524 | D:5      | Slain by an orc

Illustrated notes

Levels and vault maps discovered:
D:1:      onia_arrival_pyramid, layout_basic, serial_shops, shop,
          chequers_serial_rivers_small_b
D:2:      layout_loops_ring, serial_glass, glass_columns_a, glass_columns_b
D:3:      layout_basic, nicolae_tso_swordbearing_angel,
          ebering_ecumenical_altar_ruins, serial_shops,
          nicolae_shop_advertising_works [nicolae_subvault_shop_adworks],
          kennysheep_potato
D:4:      layout_basic
D:5:      layout_cave_pools, minmay_manual_mess

Skill      XL: |  1  2  3  4  5 |
---------------+----------------+-----
Fighting       | 3 4 5 |  5.7
Ranged Weapons | 5 6 |  6.5
Dodging        | |  2.1
Stealth        | |  0.7

Action                   |  1- 3 |  4- 6 || total
-------------------------+-------+-------++-------
 Fire: Shortbow          |    46 |       ||    46
       Sling             |    45 |    85 ||   130
Armor: Leather armour    |     2 |     9 ||    11
Dodge: Dodged            |    14 |    35 ||    49
